 Dungeon Crawl Stone Soup version 0.20.0-1-g1cb1d84 (webtiles) character file.

620563 HungrySpirit the Axe Maniac (level 27, -1/245 HPs)
             Began as a Minotaur Monk on May 26, 2017.
             Was the Champion of Okawaru.
             Slain by Heoshist the pandemonium lord (7 damage)
             ... on level 5 of the Realm of Zot.
             The game lasted 02:20:58 (62484 turns).

HungrySpirit the Axe Maniac (Minotaur Monk)        Turns: 62484, Time: 02:20:58

Health: -1/245     AC: 33    Str: 30    XL:     27
Magic:  31/31      EV: 26    Int:  7    God:    Okawaru [******]
Gold:   4719       SH:  4    Dex: 20    Spells: 26/26 levels left

rFire    + + +     SeeInvis .   n - +9 executioner's axe (chop)
rCold    + + .     Gourm    .   (shield currently unavailable)
rNeg     . . .     Faith    .   D - +6 gold dragon scales
rPois    +         Spirit   .   z - +0 hat
rElec    .         Reflect  .   N - scarf {rC+ rF+}
rCorr    .         Harm     .   U - +0 pair of gloves {Str+3}
MR       +++..     Rnd*Rage +   P - +2 pair of boots {run}
Stlth    ..........             I - amulet of regeneration
Regen    0.9/turn               E - ring of protection from magic
MPRegen  0.3/turn               F - +4 ring of slaying

@: agile, quick
A: retaliatory headbutt, horns 2, large bone plates 1, berserk 1, deformed body,
fire resistance 1, frail 1, evolution 1
0: Orb of Zot
}: 3/15 runes: decaying, serpentine, abyssal
a: Heroism, Finesse, Renounce Religion


You were on level 5 of the Realm of Zot.
You worshipped Okawaru.
Okawaru was exalted by your worship.
You were very full.

You visited 9 branches of the dungeon, and saw 46 of its levels.
You visited the Abyss 3 times.
You visited 1 bazaar.
You also visited: Ossuary.

You collected 5460 gold pieces.
You spent 741 gold pieces at shops.

Inventory:

Hand Weapons
 m - a +6 battleaxe of chopping
 n - a +9 executioner's axe of chopping (weapon)
 T - a +1 executioner's axe of flaming
Missiles
 G - 2 throwing nets (quivered)
Armour
 x - the +2 pair of boots of the Hall of Blades {+Fly rF+ Dex+4}
   (Okawaru gifted it to you on level 4 of the Abyss)

   It affects your dexterity (+4).
   It protects you from fire.
   It lets you fly.
 z - a +0 hat (worn)
 D - +6 gold dragon scales (worn)
 L - a scarf of cloud immunity
 N - a scarf of resistance (worn)
 P - a +2 pair of boots of running (worn)
 U - a +0 pair of gloves of strength (worn)
Jewellery
 e - a ring of the Octopus King {rC+ AC+1 EV+1 Str+1 Int+1 Dex+1}
   (You found it on level 6 of the Lair of Beasts)

   [ring of protection from cold]

   It affects your AC (+1).
   It affects your evasion (+1).
   It affects your strength (+1).
   It affects your intelligence (+1).
   It affects your dexterity (+1).
   It protects you from cold.
 r - an uncursed ring of see invisible
 y - an uncursed ring of protection from fire
 E - a ring of protection from magic (left hand)
 F - a +4 ring of slaying (right hand)
 H - an uncursed ring of resist corrosion
 I - an amulet of regeneration (around neck)
Wands
 s - a wand of confusion (23/48)
 Y - a wand of digging (8/24)
Scrolls
 a - a scroll of brand weapon
 b - 13 scrolls of teleportation
 f - 2 scrolls of recharging
 i - 2 scrolls of magic mapping
 k - 10 scrolls of amnesia
 l - 3 scrolls of summoning
 o - a scroll of enchant armour
 q - 3 scrolls of immolation
 t - a scroll of identify
 v - 16 scrolls of remove curse
 B - a scroll of enchant weapon
 C - 5 scrolls of fog
 K - a scroll of silence
 W - 3 scrolls of fear
 X - 4 scrolls of blinking
Potions
 d - 5 potions of curing
 g - 2 potions of mutation
 p - 9 potions of flight
 u - a potion of ambrosia
 A - 12 potions of lignification
 M - a potion of invisibility
 Q - a potion of agility
 R - 4 potions of brilliance
 S - a potion of cancellation
 V - 4 potions of magic
Miscellaneous
 J - a box of beasts
 Z - 2 phantom mirrors
Comestibles
 c - 26 bread rations
 h - 17 meat rations
 j - 3 royal jellies
 w - 23 fruits


   Skills:
 O Level 27 Fighting
 O Level 27 Axes
 O Level 27 Armour
 + Level 20.9 Dodging
 - Level 1.5 Stealth
 - Level 7.0 Invocations
 + Level 12.5 Evocations


You had 26 spell levels left.
You didn't know any spells.

Dungeon Overview and Level Annotations

Branches:
Dungeon (15/15)            Temple (1/1) D:5            Lair (6/6) D:10
  Swamp (4/4) Lair:4        Snake (4/4) Lair:3        Slime (0/5) Lair:5
    Orc (2/2) D:12            Elf (0/3) Orc:2        Vaults (4/5) D:13
  Crypt (0/3) Vaults:3     Depths (5/5) D:15            Zot (5/5) Depths:5

Altars:
Ashenzari
Cheibriados
Dithmenos
Elyvilon
Fedhas
Gozag
Hepliaklqana
Kikubaaqudgha
Makhleb
Nemelex Xobeh
Okawaru
Qazlal
Ru
Sif Muna
Trog
Uskayaw
Vehumet
Xom
Yredelemnul
Zin
The Shining One
Jiyva

Shops:
D:9 !   Orc:1 (   Orc:2 =*([   Vaults:3 [[[   Depths:4 *

Portals:
Hell: Depths:1 Depths:2 Depths:3 Depths:4 Depths:5
Abyss: Depths:1 Depths:4
Pandemonium: Depths:3 Depths:5
Ziggurat: Depths:2

Annotations:
Lair:4 exclusion: oklob plant
Zot:3 exclusion: upstairs
Zot:4 exclusions: downstairs and upstairs
Zot:5 exclusion: upstairs


Innate Abilities, Weirdness & Mutations

You reflexively headbutt those who attack you in melee.
You have a pair of horns on your head.
You are partially covered in large bone plates. (SH +4)
You tend to lose your temper in combat.
Armour fits poorly on your strangely shaped body.
Your flesh is heat resistant. (rF+)
You are frail. (-10% HP)
You evolve.


Message History

You feel sick. Heoshist hits you!!
* * * LOW HITPOINT WARNING * * *
You writhe in agony.
* * * LOW HITPOINT WARNING * * *
You miss Heoshist.
Heoshist is severely wounded.
You slice the hellwing!!
You feel sick. Heoshist hits you!!
* * * LOW HITPOINT WARNING * * *
You hear a distant "Zot"!
The smoke demon gestures at you. Something smites you!
* * * LOW HITPOINT WARNING * * *
The hellwing hits you but does no damage.
The hellwing completely misses you.
Okay, then.
Okay, then.
You feel better. Heoshist hits you!
* * * LOW HITPOINT WARNING * * *
You writhe in agony.
You die...

.......## #.....^......^.......#
........###.....†$.............#
######.))###.....)[...........##
##...§##.......^........##
###..(^...............##
#▓▓▓▓▓▓▓▓▓▓▓##÷....▓▓
▓▓▓▓(..............▓▓
##▓...................▓▓
##.....4.4@&............▓▓ ▓▓▓▓▓
#.....3..)...............▓
..[.▓▓▓........................▓
.....▓▓.......................▓▓
......▓......................▓▓
............^...............▓▓
......▓......................▓▓
.....▓▓.......................▓▓
....▓▓▓........................▓


You could see Heoshist, 2 hellwings and a smoke demon.

Vanquished Creatures
  3 orbs of fire
  Mennas (Vaults:4)
  5 ancient liches
  The ghost of Nattefrost the Crack Shot, a legendary CeHu of Okawaru (Zot:5)
  A juggernaut (Depths:2)
  Saint Roka (Vaults:2)
  Vashnia (Snake:3)
  Bai Suzhen (Snake:4)
  3 curse toes (Zot:4)
  7 Killer Klowns
  4 caustic shrikes
  A bone dragon (Abyss:4)
  14 golden dragons
  2 electric golems
  Rupert (Lair:5)
  3 hellephants
  5 liches
  22 Orb Guardians (Zot:5)
  11 tentacled monstrosities
  2 quicksilver dragons
  Asterion (Snake:1)
  3 sphinxes
  Frances (Swamp:2)
  8 death cobs
  A tentacled starspawn (Abyss:5)
  Agnes (D:14)
  2 tengu reavers
  4 shadow dragons
  4 thorn hunters
  12 nagarajas
  Donald (Swamp:2)
  Roxanne (Swamp:3)
  9 storm dragons
  10 frost giants
  2 draconian monks
  A revenant (Vaults:3)
  4 ghost moths
  The ghost of Yhamm the Severer, an adept GrFi of Makhleb (Depths:2)
  9 draconian knights
  2 iron dragons (Depths:5)
  13 vault wardens
  13 fire giants
  A curse skull (Vaults:3)
  Louise (Swamp:2)
  9 draconian shifters
  An orc warlord (Orc:2)
  8 draconian scorchers
  Aizul (Snake:2)
  12 draconian stormcallers
  13 ironheart preservers
  19 stone giants
  A war gargoyle (Vaults:3)
  45 very ugly things
  2 grey draconians (Depths:5)
  A spriggan defender (Depths:4)
  8 draconian annihilators
  Nessos (D:12)
  2 deep elf annihilators
  3 vampire knights
  5 black draconians
  13 green draconians
  2 deep elf demonologists (Vaults:2)
  10 yellow draconians
  2 dire elephants
  Azrael (D:12)
  9 purple draconians
  11 white draconians
  2 spark wasps (Depths:3)
  5 deep elf death magi
  13 red draconians
  7 ettins
  A green death (Zot:5)
  13 fire dragons
  18 yaktaur captains
  14 naga warriors
  9 vault guards
  8 great orbs of eyes
  21 hydras
  A hell beast (Depths:5)
  2 rakshasas
  14 ice dragons
  2 spriggan air magi (Depths:2)
  A catoblepas (D:13)
  Harold (Orc:1)
  A ghost crab (Swamp:2)
  8 centaur warriors
  21 anacondas
  A merfolk avatar (Lair:6)
  2 death knights
  14 death yaks
  13 ogre magi
  41 two-headed ogres
  7 tengu warriors
  7 alligators
  13 deep troll earth magi
  6 deep troll shamans
  An orc high priest (Orc:2)
  5 spriggan berserkers
  A vampire mage (Depths:2)
  12 shock serpents
  13 hell knights
  17 naga sharpshooters
  A soul eater (Depths:5)
  14 spriggans
  4 wretched stars
  A fire crab (shapeshifter) (Vaults:2)
  4 deep elf knights
  3 shadow wraiths
  2 unseen horrors
  A salamander mystic (Snake:4)
  A storm dragon skeleton (Depths:1)
  3 flayed ghosts
  5 glowing orange brains
  A death drake (shapeshifter) (Depths:1)
  2 spatial maelstroms
  30 deep trolls
  A death drake (Abyss:5)
  A wizard (Vaults:3)
  A lindwurm (shapeshifter) (Depths:2)
  3 shambling mangroves
  9 harpies
  3 spriggan druids
  12 swamp dragons
  3 deep elf archers
  12 naga ritualists
  17 ironbrand convokers
  3 phantasmal warriors
  An orb spider (shapeshifter) (D:13)
  4 wolf spiders
  8 deep elf magi
  10 necromancers
  9 mana vipers
  18 orc knights
  2 tengu zombies (Vaults:1)
  A manticore (D:11)
  A shining eye (Abyss:4)
  A faun (shapeshifter) (Vaults:2)
  A stone giant zombie (Abyss:4)
  62 ugly things
  4 orc sorcerers
  A frost giant zombie (Abyss:4)
  A cyclops (shapeshifter) (Vaults:4)
  11 salamanders
  7 cyclopes
  8 elephants
  45 black mambas
  18 moths of wrath
  2 worldbinders (Abyss:4)
  26 naga magi
  2 rust devils (Depths:5)
  An apocalypse crab (Abyss:5)
  A fire giant skeleton (Abyss:5)
  16 guardian serpents
  A smoke demon (Abyss:5)
  An ice statue (Vaults:4)
  17 vault sentinels
  An orange demon (Depths:5)
  An eye of devastation (shapeshifter) (Depths:3)
  A gargoyle (D:11)
  14 spiny frogs
  3 centaur skeletons
  3 rime drakes (Lair:6)
  An efreet (D:13)
  2 ice devils
  8 komodo dragons
  64 yaktaurs
  A troll (shapeshifter) (Vaults:1)
  An ancient zyme (Abyss:3)
  9 trolls
  A merfolk (shapeshifter) (Vaults:2)
  A queen bee (Abyss:3)
  2 meliai (shapeshifter)
  3 tengu conjurers (Depths:5)
  4 meliai (Abyss:3)
  4 polar bears
  20 hornets
  8 tyrant leeches
  A sphinx simulacrum (Vaults:1)
  A shadow dragon simulacrum (Depths:1)
  A wind drake (Lair:6)
  A raiju (shapeshifter) (Depths:1)
  40 slime creatures
  21 blink frogs
  A minotaur skeleton (Abyss:4)
  6 bog bodies
  A fire giant simulacrum (Depths:1)
  A raiju (Abyss:5)
  8 hippogriffs
  Sigmund (D:4)
  A spriggan (shapeshifter) (Depths:2)
  A redback (shapeshifter) (Vaults:1)
  A vampire (D:14)
  2 ynoxinuls
  7 shadows
  2 water elementals
  3 fire elementals (D:12)
  3 wraiths (Vaults:1)
  57 yaks
  13 wyverns
  A golden eye (shapeshifter) (Depths:2)
  6 large abominations
  A steam dragon (D:11)
  A yak (shapeshifter) (Vaults:1)
  4 basilisks
  A hog (shapeshifter) (Vaults:4)
  3 hungry ghosts
  6 vampire mosquitoes
  5 humans (Zot:1)
  3 chaos spawn (Abyss:4)
  4 insubstantial wisps (Swamp:2)
  Edmund (D:5)
  9 wargs
  63 nagas
  A spatial vortex (Abyss:5)
  24 swamp worms
  3 acid dragons
  Duvessa (D:5)
  7 hell hounds
  8 porcupines
  15 water moccasins
  A hornet zombie (D:15)
  A floating eye (Depths:4)
  2 black bears
  An eye of draining (D:14)
  3 ice beasts
  11 swamp drakes
  A sky beast (D:8)
  33 ogres
  4 small abominations
  42 orc warriors
  A black bear (shapeshifter) (Vaults:2)
  14 starcursed masses
  A necrophage (D:8)
  A boggart (shapeshifter) (Vaults:4)
  2 phantoms
  7 wolves
  23 centaurs
  11 crocodiles
  A big kobold (shapeshifter) (Vaults:3)
  14 bullfrogs
  A wyvern zombie (D:12)
  A yaktaur zombie (Vaults:1)
  A deep troll simulacrum (Vaults:2)
  An elf skeleton (D:5)
  Dowan (D:5)
  13 scorpions
  22 killer bees
  2 human simulacra
  7 wights
  5 electric eels
  2 jellies
  4 howler monkeys
  8 crimson imps
  A wyvern simulacrum (D:13)
  A bullfrog zombie (D:8)
  4 centaur zombies
  5 hounds
  2 quasits
  19 orc wizards
  9 human zombies
  17 orc priests
  Crazy Yiuf (D:2)
  A bullfrog skeleton (D:11)
  Jessica (D:2)
  7 human skeletons
  3 iguanas
  9 worker ants
  An ogre zombie (D:8)
  2 big kobold zombies (Ossuary)
  4 mummies
  A worker ant zombie (D:7)
  Robin (D:2)
  12 adders
  6 scorpion zombies (Ossuary)
  A river rat (D:5)
  4 shadow imps
  A worm (D:2)
  2 dart slugs
  4 leopard geckos
  81 orcs
  2 ball pythons
  4 bats
  7 giant cockroaches
  9 goblins
  8 hobgoblins
  4 jackals (D:8)
  2 quokkas
  A ball python zombie (D:6)
  A goblin zombie (Ossuary)
  3 hobgoblin zombies (Ossuary)
  6 kobolds
  A kobold zombie (Ossuary)
  A leopard gecko zombie (D:8)
  2 orc skeletons (D:5)
  3 orc zombies
  A quokka skeleton (D:8)
  12 rats
  9 briar patches
  A crawling corpse (Vaults:4)
  3 fungi
  5 plants
  A starspawn tentacle (Abyss:5)
2125 creatures vanquished.

Vanquished Creatures (others)
  An ogre mage (Depths:1)
  An unseen horror (D:13)
  A spiny frog (Swamp:3)
  A swamp drake (Swamp:4)
  A mummy (Ossuary)
  A briar patch (Swamp:2)
  20 fungi
  23 plants
  A starspawn tentacle (Abyss:5)
50 creatures vanquished.

Grand Total: 2175 creatures vanquished

Notes
Turn   | Place    | Note
-------+----------+-------------------------------------------
     0 | D:1      | HungrySpirit the Minotaur Monk began the quest for the Orb.
     0 | D:1      | Reached XP level 1. HP: 19/19 MP: 0/0
   154 | D:1      | Reached XP level 2. HP: 20/27 MP: 1/1
  1117 | D:2      | Reached XP level 3. HP: 33/33 MP: 2/2
  1136 | D:2      | Noticed Jessica
  1151 | D:2      | Killed Jessica
  1151 | D:2      | Reached skill level 5 in Axes
  1512 | D:2      | Reached XP level 4. HP: 38/41 MP: 3/3
  1849 | D:2      | Noticed Robin
  1866 | D:2      | Killed Robin
  2102 | D:2      | Found a runed door.
  2106 | D:2      | Noticed Crazy Yiuf
  2109 | D:2      | Killed Crazy Yiuf
  2194 | D:3      | Reached skill level 5 in Fighting
  2194 | D:3      | Reached XP level 5. HP: 48/48 MP: 4/4
  2646 | D:3      | Found a hide-covered altar of Uskayaw.
  2646 | D:3      | Found an ancient bone altar of Kikubaaqudgha.
  2888 | D:3      | Found a glowing golden altar of the Shining One.
  3086 | D:4      | Noticed Sigmund
  3101 | D:4      | Killed Sigmund
  3101 | D:4      | Reached XP level 6. HP: 45/57 MP: 5/5
  3893 | D:5      | Entered Level 5 of the Dungeon
  4152 | D:5      | Found a sand-covered staircase.
  4157 | D:5      | Reached XP level 7. HP: 56/64 MP: 6/6
  4161 | Ossuary  | Entered an ossuary
  4742 | Ossuary  | Reached XP level 8. HP: 57/73 MP: 7/7
  4767 | Ossuary  | Reached skill level 10 in Axes
  5225 | D:5      | Found a staircase to the Ecumenical Temple.
  5226 | D:5      | Noticed Duvessa
  5226 | D:5      | Noticed Dowan
  5356 | D:5      | Killed Dowan
  5361 | D:5      | Killed Duvessa
  5387 | Temple   | Entered the Ecumenical Temple
  5487 | Temple   | Became a worshipper of Warmaster Okawaru
  5487 | Temple   | Reached * piety under Okawaru
  5487 | Temple   | Reached ** piety under Okawaru
  5647 | D:5      | Noticed Edmund
  5693 | D:5      | Killed Edmund
  6202 | D:6      | Noticed a two-headed ogre
  6981 | D:6      | Killed a two-headed ogre
  6981 | D:6      | Reached *** piety under Okawaru
  6981 | D:6      | Reached XP level 9. HP: 84/84 MP: 8/8
  7265 | D:6      | Reached **** piety under Okawaru
  7265 | D:6      | Reached skill level 10 in Fighting
  7726 | D:7      | Found a shattered altar of Ashenzari.
  7875 | D:7      | Reached XP level 10. HP: 92/94 MP: 9/9
  8158 | D:8      | Reached skill level 1 in Armour
  8340 | D:8      | Noticed a two-headed ogre
  8788 | D:8      | Reached ***** piety under Okawaru
  8884 | D:8      | Found a basalt altar of Yredelemnul.
  8959 | D:9      | Found Fonefeatt's Distillery.
  8984 | D:9      | Bought a potion of degeneration for 12 gold pieces
  8984 | D:9      | Bought a potion of lignification for 36 gold pieces
  9052 | D:9      | Noticed a two-headed ogre
  9091 | D:9      | Killed a two-headed ogre
  9410 | D:9      | Reached skill level 15 in Axes
  9787 | D:10     | Entered Level 10 of the Dungeon
  9915 | D:10     | Received a gift from Okawaru
  9952 | D:10     | Noticed a white ugly thing
 10062 | D:10     | Killed a cyan ugly thing
 10062 | D:10     | Reached skill level 5 in Armour
 10069 | D:10     | Reached XP level 11. HP: 86/104 MP: 10/10
 10348 | D:10     | Found a staircase to the Lair.
 11083 | D:11     | Noticed a centaur warrior
 11098 | D:11     | Killed a centaur warrior
 11109 | D:11     | Noticed a two-headed ogre
 11126 | D:11     | Killed a two-headed ogre
 11291 | D:11     | Found a frozen archway.
 11710 | Lair:1   | Entered Level 1 of the Lair of Beasts
 12495 | Lair:1   | Received a gift from Okawaru
 12521 | Lair:1   | Got a steaming plate armour {god gift}
 12522 | Lair:1   | Identified the +8 plate armour of Day {Str+4 Int+4 Dex+4} (Okawaru gifted it to you on level 1 of the Lair of Beasts)
 13082 | Lair:1   | Identified a scroll of acquirement
 13220 | Lair:2   | Reached XP level 12. HP: 65/115 MP: 11/11
 14131 | Lair:3   | Found a staircase to the Snake Pit.
 14539 | Lair:3   | Noticed an eight-headed hydra
 14871 | Lair:4   | Found a staircase to the Swamp.
 14954 | Lair:4   | Received a gift from Okawaru
 15070 | Lair:4   | Noticed a death yak
 15071 | Lair:4   | Noticed a death yak
 15071 | Lair:4   | Noticed a death yak
 15098 | Lair:4   | Killed a death yak
 15226 | Lair:4   | Noticed a death yak
 15236 | Lair:4   | Killed a death yak
 15242 | Lair:4   | Killed a death yak
 15246 | Lair:4   | Killed a death yak
 15441 | Lair:4   | Reached ****** piety under Okawaru
 15450 | Lair:5   | Noticed Rupert
 15464 | Lair:5   | Killed Rupert
 15464 | Lair:5   | Reached skill level 10 in Armour
 15696 | Lair:5   | Noticed a five-headed hydra
 15850 | Lair:5   | Reached XP level 13. HP: 111/124 MP: 12/12
 16146 | Lair:5   | Found a viscous altar of Jiyva.
 16146 | Lair:5   | Found a staircase to the Slime Pits.
 16400 | Lair:6   | Entered Level 6 of the Lair of Beasts
 16631 | Lair:6   | Received a gift from Okawaru
 17533 | Lair:6   | Noticed a dire elephant
 17543 | Lair:6   | Killed a dire elephant
 17543 | Lair:6   | Reached skill level 15 in Fighting
 17727 | Lair:6   | Received a gift from Okawaru
 17982 | Lair:6   | Reached XP level 14. HP: 135/135 MP: 13/13
 18035 | Lair:6   | Got a ring of the Octopus King
 18696 | D:11     | Found a glowing silver altar of Zin.
 18883 | D:11     | Received a gift from Okawaru
 19084 | D:12     | Noticed Nessos
 19093 | D:12     | Killed Nessos
 19158 | D:12     | Noticed Azrael
 19171 | D:12     | Killed Azrael
 19224 | D:12     | Found a staircase to the Orcish Mines.
 19622 | Orc:1    | Entered Level 1 of the Orcish Mines
 19662 | Orc:1    | Noticed Harold
 19671 | Orc:1    | Killed Harold
 20042 | Orc:1    | Found Wuats's Antique Weapon Shoppe.
 20211 | Orc:2    | Entered Level 2 of the Orcish Mines
 20751 | Orc:2    | Found Sugeen's General Store.
 20771 | Orc:2    | Identified a ring of the Octopus King {rC+ AC+1 EV+1 Str+1 Int+1 Dex+1} (You found it on level 6 of the Lair of Beasts)
 20867 | Orc:2    | Found a staircase to the Elven Halls.
 21094 | Orc:2    | Found a bloodstained altar of Trog.
 21342 | Orc:2    | Found Ufelueme's Antique Armour Emporium.
 21398 | Orc:2    | Noticed an orc warlord
 21399 | Orc:2    | Found Tod Log's Antique Weapon Shoppe.
 21628 | Orc:2    | Found Ocikonuh's Jewellery Emporium.
 22063 | Orc:2    | Bought a +3 amulet of reflection for 251 gold pieces
 22063 | Orc:2    | Bought an uncursed ring of see invisible for 240 gold pieces
 22101 | Orc:2    | Killed an orc warlord
 22101 | Orc:2    | Received a gift from Okawaru
 22866 | D:13     | Received a gift from Okawaru
 22923 | D:13     | Got a jewelled buckler {god gift}
 22925 | D:13     | Identified the +2 buckler of Wamul {Regen+ Str-3 Dex+6} (Okawaru gifted it to you on level 13 of the Dungeon)
 23342 | D:13     | Reached XP level 15. HP: 131/145 MP: 12/14
 23883 | D:13     | Found a gate to the Vaults.
 24189 | D:14     | Found a shadowy altar of Dithmenos.
 24208 | D:14     | Noticed Agnes
 24216 | D:14     | Killed Agnes
 25019 | D:15     | Entered Level 15 of the Dungeon
 25114 | D:15     | Received a gift from Okawaru
 25527 | D:15     | Found a shimmering altar of Xom.
 25699 | D:15     | Found a staircase to the Depths.
 26191 | Snake:1  | Entered Level 1 of the Snake Pit
 26950 | Snake:1  | Noticed Asterion
 26978 | Snake:1  | Killed Asterion
 27419 | Snake:2  | Reached XP level 16. HP: 155/155 MP: 15/15
 27480 | Snake:2  | Received a gift from Okawaru
 27730 | Snake:2  | Reached skill level 15 in Armour
 28088 | Snake:2  | Received a gift from Okawaru
 28124 | Snake:2  | Identified a +2 pair of boots of running (Okawaru gifted it to you on level 2 of the Snake Pit)
 28558 | Snake:2  | Noticed Aizul
 28571 | Snake:2  | Killed Aizul
 30489 | Snake:3  | Noticed Vashnia
 30743 | Snake:3  | Killed Vashnia
 30925 | Snake:3  | Received a gift from Okawaru
 31024 | Snake:3  | Reached XP level 17. HP: 123/166 MP: 16/16
 31820 | Snake:4  | Entered Level 4 of the Snake Pit
 31824 | Snake:4  | Noticed Bai Suzhen
 31855 | Snake:4  | Got a pair of slimy gloves
 31856 | Snake:4  | Identified the +0 pair of gloves of Boredom {+Blink rC- rN+ SInv} (You acquired it on level 4 of the Snake Pit)
 32699 | Snake:4  | Received a gift from Okawaru
 33129 | Snake:4  | Gained mutation: Your spells are a little harder to cast, but a little more powerful. [potion of mutation]
 33129 | Snake:4  | Gained mutation: Scrolls take you a little longer to read. [potion of mutation]
 33129 | Snake:4  | Gained mutation: You evolve. [potion of mutation]
 33130 | Snake:4  | Lost mutation: Scrolls take you a little longer to read. [potion of mutation]
 33130 | Snake:4  | Lost mutation: Your spells are a little harder to cast, but a little more powerful. [potion of mutation]
 33130 | Snake:4  | Lost mutation: You evolve. [potion of mutation]
 33130 | Snake:4  | Gained mutation: You expend magic power (3 MP) to strengthen your wands. [potion of mutation]
 33130 | Snake:4  | Gained mutation: You are weak. (Str -2) [potion of mutation]
 33130 | Snake:4  | Gained mutation: Your movements are slightly less encumbered by armour. (ER -2) [potion of mutation]
 33131 | Snake:4  | Lost mutation: You are weak. (Str -2) [potion of mutation]
 33131 | Snake:4  | Gained mutation: You occasionally shout uncontrollably at your foes. [potion of mutation]
 33131 | Snake:4  | Gained mutation: You are clumsy. (Dex -2) [potion of mutation]
 33131 | Snake:4  | Gained mutation: You tend to lose your temper in combat. [potion of mutation]
 33131 | Snake:4  | Gained mutation: Your flesh is heat resistant. (rF+) [potion of mutation]
 33132 | Snake:4  | Lost mutation: You tend to lose your temper in combat. [potion of mutation]
 33132 | Snake:4  | Lost mutation: You are clumsy. (Dex -2) [potion of mutation]
 33132 | Snake:4  | Lost mutation: Your movements are slightly less encumbered by armour. (ER -2) [potion of mutation]
 33132 | Snake:4  | Lost mutation: You occasionally shout uncontrollably at your foes. [potion of mutation]
 33132 | Snake:4  | Gained mutation: Armour fits poorly on your strangely shaped body. [potion of mutation]
 33132 | Snake:4  | Gained mutation: Your system is resistant to poisons. (rPois) [potion of mutation]
 33132 | Snake:4  | Gained mutation: You evolve. [potion of mutation]
 33132 | Snake:4  | Gained mutation: Your muscles are strong. (Str +2) [potion of mutation]
 33696 | Snake:3  | Lost mutation: Your system is resistant to poisons. (rPois) [potion of mutation]
 33696 | Snake:3  | Lost mutation: You evolve. [potion of mutation]
 33696 | Snake:3  | Lost mutation: Armour fits poorly on your strangely shaped body. [potion of mutation]
 33696 | Snake:3  | Lost mutation: Your muscles are strong. (Str +2) [potion of mutation]
 33696 | Snake:3  | Gained mutation: You are dopey. (Int -2) [potion of mutation]
 33696 | Snake:3  | Gained mutation: Your muscles are strong. (Str +2) [potion of mutation]
 33696 | Snake:3  | Gained mutation: Your flesh is very heat resistant. (rF++) [potion of mutation]
 33696 | Snake:3  | Gained mutation: You have large cloven feet. [potion of mutation]
 33923 | Snake:4  | Killed Bai Suzhen
 33923 | Snake:4  | Received a gift from Okawaru
 34091 | Snake:4  | Reached XP level 18. HP: 176/176 MP: 17/17
 34237 | Snake:4  | Got a serpentine rune of Zot
 34603 | Swamp:1  | Entered Level 1 of the Swamp
 35589 | Swamp:2  | Noticed Louise
 35610 | Swamp:2  | Killed Louise
 35690 | Swamp:2  | Noticed Donald
 35893 | Swamp:2  | Reached skill level 1 in Invocations
 35907 | Swamp:2  | Received a gift from Okawaru
 36060 | Swamp:2  | Killed Donald
 36420 | Swamp:2  | Noticed Frances
 36442 | Swamp:2  | Killed Frances
 36847 | Swamp:3  | Got a crude cloak
 36858 | Swamp:3  | Identified the cursed +0 cloak of Creativity {Dex+3} (You found it on level 3 of the Swamp)
 37112 | Swamp:3  | Noticed Roxanne
 37139 | Swamp:3  | Killed Roxanne
 37791 | Swamp:4  | Entered Level 4 of the Swamp
 38756 | Swamp:4  | Received a gift from Okawaru
 38809 | Swamp:4  | Got a scorched battleaxe {god gift}
 38815 | Swamp:4  | Reached skill level 5 in Invocations
 38816 | Swamp:4  | Identified the +6 battleaxe "Unestra" {drain, rC- rN+++ Str+3 Stlth-} (Okawaru gifted it to you on level 4 of the Swamp)
 39099 | Swamp:4  | Got a decaying rune of Zot
 39670 | Vaults:1 | Entered Level 1 of the Vaults
 39681 | Vaults:1 | Reached XP level 19. HP: 184/185 MP: 22/22
 39944 | Vaults:1 | Received a gift from Okawaru
 40771 | Vaults:1 | Received a gift from Okawaru
 41790 | Vaults:2 | Reached skill level 27 in Axes
 41913 | Vaults:2 | Noticed Saint Roka
 41932 | Vaults:2 | Killed Saint Roka
 42495 | Vaults:2 | Received a gift from Okawaru
 42977 | Vaults:2 | Received a gift from Okawaru
 42985 | Vaults:2 | Reached XP level 20. HP: 178/198 MP: 24/24
 42990 | Vaults:2 | Got a fine crystal plate armour {god gift}
 42991 | Vaults:2 | Identified the +3 crystal plate armour of the Beekeeper {Str+7 Dex+2} (Okawaru gifted it to you on level 2 of the Vaults)
 43306 | Vaults:3 | Found a staircase to the Crypt.
 43604 | Vaults:3 | Found Comnaby's Armour Shop.
 44248 | Vaults:3 | Cast into level 3 of the Abyss (vault warden)
 44365 | Abyss:3  | Got an abyssal rune of Zot
 44397 | Abyss:3  | Received a gift from Okawaru
 44449 | Vaults:3 | Escaped the Abyss
 44645 | Vaults:3 | Found Agudit's Armour Boutique.
 44753 | Vaults:3 | Got a bloodstained war axe
 44755 | Vaults:3 | Identified the +5 war axe of the Grey Skies {freeze, rF- rN++ Str+9 Dex-5} (You found it on level 3 of the Vaults)
 44825 | Vaults:3 | Found Muvvaxkyege's Antique Armour Emporium.
 45383 | Vaults:3 | Received a gift from Okawaru
 45484 | Vaults:4 | Noticed Mennas
 45727 | Vaults:4 | Reached XP level 21. HP: 210/210 MP: 22/25
 45859 | Vaults:4 | Paralysed by a floating eye for 4 turns
 45869 | Vaults:4 | Paralysed by a floating eye for 4 turns
 45877 | Vaults:4 | Killed Mennas
 46585 | Vaults:4 | Received a gift from Okawaru
 46844 | Vaults:4 | Found a gateway to a bazaar.
 46850 | Bazaar   | Entered a bazaar
 46857 | Bazaar   | Found Emurr's Weapon Boutique.
 46857 | Bazaar   | Found Zeegag's Armour Shoppe.
 46865 | Bazaar   | Found Koorgh's Armour Boutique.
 46870 | Bazaar   | Found Gygat's Jewellery Shoppe.
 46903 | Bazaar   | Found Kunkyek's Magic Scroll Shop.
 46911 | Bazaar   | Bought a scroll of teleportation for 21 gold pieces
 46911 | Bazaar   | Bought a scroll of teleportation for 21 gold pieces
 46911 | Bazaar   | Bought a scroll of blinking for 52 gold pieces
 46911 | Bazaar   | Bought a scroll of enchant weapon for 52 gold pieces
 46911 | Bazaar   | Bought 3 scrolls of identify for 42 gold pieces
 46911 | Bazaar   | Bought a scroll of identify for 14 gold pieces
 47220 | Depths:1 | Entered Level 1 of the Depths
 47636 | Depths:1 | Received a gift from Okawaru
 47706 | Depths:1 | Paralysed by a vampire knight for 5 turns
 47817 | Depths:1 | Found a one-way gate to the infinite horrors of the Abyss.
 48391 | Depths:1 | Found a gateway to Hell.
 48464 | Depths:2 | Found a gateway to a ziggurat.
 48477 | Depths:2 | Noticed Yhamm's ghost (adept GrFi)
 48481 | Depths:2 | Reached XP level 22. HP: 158/224 MP: 26/26
 48503 | Depths:2 | Killed Yhamm's ghost
 48752 | Depths:2 | Received a gift from Okawaru
 49701 | Depths:2 | Noticed a juggernaut
 49991 | Depths:2 | Identified the Tome of Combat Magic
 50505 | Depths:3 | Found a one-way gate leading to the halls of Pandemonium.
 50622 | Depths:2 | Reached skill level 5 in Dodging
 50695 | Depths:2 | Killed a juggernaut
 50824 | Depths:2 | Received a gift from Okawaru
 50929 | Depths:2 | Got a polished cloak {god gift}
 50940 | Depths:2 | Identified the +0 cloak of the Townfolk {Dex+4} (Okawaru gifted it to you on level 2 of the Depths)
 51825 | Depths:3 | Reached XP level 23. HP: 219/236 MP: 27/27
 51890 | Depths:3 | Noticed a caustic shrike
 51891 | Depths:3 | Noticed a caustic shrike
 51899 | Depths:3 | Killed a caustic shrike
 51909 | Depths:3 | Killed a caustic shrike
 51911 | Depths:3 | Noticed a caustic shrike
 51920 | Depths:3 | Killed a caustic shrike
 52186 | Depths:3 | Received a gift from Okawaru
 52344 | Depths:4 | Paralysed by a floating eye for 2 turns
 52540 | Depths:4 | Noticed a caustic shrike
 52545 | Depths:4 | Killed a caustic shrike
 52749 | Depths:4 | Noticed an ancient lich
 52759 | Depths:4 | Killed an ancient lich
 52759 | Depths:4 | Received a gift from Okawaru
 53232 | Depths:4 | Found Meimn's General Store.
 53467 | Depths:5 | Entered Level 5 of the Depths
 53627 | Depths:5 | Received a gift from Okawaru
 53915 | Depths:5 | Found a gate to the Realm of Zot.
 54434 | Depths:5 | Reached XP level 24. HP: 218/247 MP: 22/27
 54442 | Depths:5 | Reached skill level 10 in Dodging
 54672 | Depths:5 | Reached skill level 27 in Fighting
 55017 | Zot:1    | Entered Level 1 of the Realm of Zot
 55341 | Zot:1    | Received a gift from Okawaru
 55914 | Zot:1    | Received a gift from Okawaru
 56216 | Zot:1    | Reached skill level 27 in Armour
 56274 | Zot:2    | Noticed an orb of fire
 56726 | Zot:2    | Received a gift from Okawaru
 56741 | Zot:2    | Killed an orb of fire
 56741 | Zot:2    | Reached XP level 25. HP: 226/257 MP: 22/27
 56984 | Zot:2    | Reached skill level 15 in Dodging
 57313 | Zot:2    | Received a gift from Okawaru
 58295 | Zot:3    | Reached skill level 1 in Evocations
 59141 | Zot:4    | Received a gift from Okawaru
 59353 | Zot:4    | Reached skill level 5 in Evocations
 59866 | Zot:4    | Received a gift from Okawaru
 60208 | Zot:5    | Entered Level 5 of the Realm of Zot
 60208 | Zot:5    | Noticed Nattefrost's ghost (legendary CeHu)
 60217 | Zot:5    | Killed Nattefrost's ghost
 60675 | Zot:5    | Reached XP level 26. HP: 233/266 MP: 27/27
 61180 | Zot:4    | Cast into level 4 of the Abyss (the power of Zot)
 61200 | Abyss:4  | Received a gift from Okawaru
 61206 | Abyss:4  | Got a pair of ancient boots {god gift}
 61220 | Abyss:5  | Entered Level 5 of the Abyss
 61221 | Abyss:5  | Identified the +2 pair of boots of the Hall of Blades {+Fly rF+ Dex+4} (Okawaru gifted it to you on level 4 of the Abyss)
 61375 | Zot:4    | Escaped the Abyss
 61851 | Zot:5    | Noticed an orb of fire
 61859 | Zot:5    | Cast into level 4 of the Abyss (black draconian knight)
 61925 | Abyss:4  | Reached skill level 10 in Evocations
 61928 | Abyss:4  | Gained mutation: You are occasionally teleported next to monsters. [a shining eye]
 61974 | Zot:5    | Escaped the Abyss
 61986 | Zot:5    | Killed an orb of fire
 62065 | Zot:5    | Lost mutation: Your flesh is very heat resistant. (rF++) [potion of mutation]
 62065 | Zot:5    | Lost mutation: Your muscles are strong. (Str +2) [potion of mutation]
 62065 | Zot:5    | Gained mutation: You are weak. (Str -2) [potion of mutation]
 62065 | Zot:5    | Gained mutation: Your flesh is very heat resistant. (rF++) [potion of mutation]
 62066 | Zot:5    | Lost mutation: You expend magic power (3 MP) to strengthen your wands. [potion of mutation]
 62066 | Zot:5    | Lost mutation: You are weak. (Str -2) [potion of mutation]
 62066 | Zot:5    | Lost mutation: You are dopey. (Int -2) [potion of mutation]
 62066 | Zot:5    | Lost mutation: Your flesh is very heat resistant. (rF++) [potion of mutation]
 62066 | Zot:5    | Lost mutation: You have large cloven feet. [potion of mutation]
 62066 | Zot:5    | Lost mutation: You are occasionally teleported next to monsters. [potion of mutation]
 62066 | Zot:5    | Gained mutation: You are frail. (-10% HP) [potion of mutation]
 62066 | Zot:5    | Gained mutation: Armour fits poorly on your strangely shaped body. [potion of mutation]
 62066 | Zot:5    | Gained mutation: You are partially covered in large bone plates. (SH +4) [potion of mutation]
 62066 | Zot:5    | Gained mutation: You evolve. [potion of mutation]
 62099 | Zot:5    | Noticed an ancient lich
 62112 | Zot:5    | Killed an ancient lich
 62112 | Zot:5    | Received a gift from Okawaru
 62113 | Zot:5    | Noticed an ancient lich
 62115 | Zot:5    | Noticed an orb of fire
 62117 | Zot:5    | Noticed an ancient lich
 62120 | Zot:5    | Killed an ancient lich
 62124 | Zot:5    | Gained mutation: You tend to lose your temper in combat. [an orb of fire]
 62126 | Zot:5    | Killed an orb of fire
 62129 | Zot:5    | Killed an ancient lich
 62139 | Zot:5    | Noticed an ancient lich
 62149 | Zot:5    | Killed an ancient lich
 62360 | Zot:5    | Received a gift from Okawaru
 62445 | Zot:5    | Reached XP level 27. HP: 229/245 MP: 31/31
 62454 | Zot:5    | Got the Orb of Zot
 62468 | Zot:5    | Noticed Heoshist the pandemonium lord
 62483 | Zot:5    | HP: 2/245 [smoke demon/divine providence (14)]
 62484 | Zot:5    | Slain by Heoshist the pandemonium lord

Skill      XL: |  1  2  3  4  5  6  7  8  9 10 11 12 13 14 15 16 17 18 19 20 21 22 23 24 25 26 |
---------------+-------------------------------------------------------------------------------+-----
Axes           | 4 5 7 8 9 12 13 15 17 18 20 21 22 24 25 26 27 | 27.0
Fighting       | 4 5 6 7 9 10 11 13 14 15 16 17 18 19 20 21 22 24 25 26 27 | 27.0
Armour         | 5 7 10 11 13 14 15 17 19 21 22 24 25 27 | 27.0
Invocations    | 5 7 |  7.0
Dodging        | 6 9 14 18 20 | 20.9
Evocations     | 7 12 | 12.5
Stealth        | |  1.5

Action                   |  1- 3 |  4- 6 |  7- 9 | 10-12 | 13-15 | 16-18 | 19-21 | 22-24 | 25-27 || total
-------------------------+-------+-------+-------+-------+-------+-------+-------+-------+-------++-------
Melee: Hand axe          |    62 |   179 |   448 |   543 |       |       |       |       |       ||  1232
       Headbutt          |     9 |    38 |   114 |   155 |   211 |   304 |   382 |   312 |   169 ||  1694
       Battleaxe         |       |       |       |   147 |   830 |   594 |       |       |       ||  1571
       Executioner's axe |       |       |       |       |       |   409 |  1118 |   913 |   561 ||  3001
Throw: Javelin           |       |       |     1 |     3 |       |       |       |       |       ||     4
Invok: Finesse           |       |       |       |       |       |     1 |     6 |     4 |     1 ||    12
       Heroism           |       |       |       |       |       |       |     1 |       |       ||     1
Evoke: Wand              |       |       |     3 |     3 |    10 |       |     1 |     1 |    10 ||    28
  Use: Potion            |       |     2 |     3 |    11 |     5 |    10 |     3 |     2 |    15 ||    51
       Scroll            |       |     7 |     5 |    13 |    11 |    16 |    12 |    16 |    17 ||    97
 Stab: Invisible         |       |       |       |     3 |     1 |       |       |       |       ||     4
       Distracted        |       |       |       |       |       |     1 |       |       |       ||     1
       Confused          |       |       |       |       |       |     1 |       |       |       ||     1
  Eat: Chunk             |     1 |     9 |     1 |    19 |    36 |    14 |     2 |     8 |       ||    90
       Fruit             |       |       |     7 |       |     2 |    17 |       |     8 |    11 ||    45
       Bread ration      |       |       |     1 |       |       |       |       |       |       ||     1
       Meat ration       |       |       |     1 |     1 |       |       |     4 |       |     2 ||     8
       Royal jelly       |       |       |       |     1 |       |     6 |     6 |     6 |     1 ||    20
Armor: Chain mail        |    20 |    78 |   144 |   157 |       |       |       |       |       ||   399
       Plate armour      |       |       |       |    99 |   361 |   786 |   203 |       |       ||  1449
       Skin              |       |       |       |       |    27 |       |       |       |       ||    27
       Crystal plate arm |       |       |       |       |       |       |   396 |   641 |    65 ||  1102
       Gold dragon scale |       |       |       |       |       |       |       |       |   230 ||   230
Dodge: Dodged            |    34 |    53 |   112 |   168 |   224 |   432 |   280 |   408 |   298 ||  2009
Block: Other             |       |       |       |       |       |       |       |       |     9 ||     9
